 Dungeon Crawl Stone Soup version 0.27.1 (webtiles) character file.

Game seed: 8709158761421025817

5707 Harkinian2 the Protected (level 10, -6/90 HPs)
             Began as a Minotaur Fighter on Aug 25, 2021.
             Was a Follower of Qazlal.
             Mangled by a two-headed ogre (14 damage)
             ... on level 8 of the Dungeon.
             The game lasted 00:19:58 (7326 turns).

Harkinian2 the Protected (Minotaur Fighter)         Turns: 7326, Time: 00:20:01

Health: -6/90      AC: 16    Str: 30    XL:     10   Next: 48%
Magic:  0/9        EV: 11    Int:  5    God:    Qazlal [*.....]
Gold:   380        SH:  2    Dex: 18    Spells: 9/9 levels left

rFire    . . .     SeeInvis +   d - +5 dire flail (protect)
rCold    . . .     Faith    .   (shield currently unavailable)
rNeg     . . .     Spirit   +   t - +5 robe of Kighinipso {-Tele Dex+6}
rPois    .         Reflect  .   (helmet restricted)
rElec    .         Harm     .   e - +0 cloak
rCorr    .         Rampage  .   (no gloves)
Will     .....     NoTele   +   (no boots)
Stlth    +++.......             n - amulet of the Cuttlefish {Spirit Str+2 SInv}
HPRegen  0.25/turn              f - ring of wizardry
MPRegen  0.11/turn              p - +6 ring of strength

@: under a protective aura, studying Stealth
A: horns 2, retaliatory headbutt
a: Renounce Religion


You were on level 8 of the Dungeon.
You worshipped Qazlal.
Qazlal was aware of your devotion.
You visited 2 branches of the dungeon, and saw 9 of its levels.
You also visited: Sewer.

You collected 380 gold pieces.

Inventory:

Hand Weapons
 a - a +0 long sword
 d - a +5 dire flail of protection (weapon)
 m - a +1 vampiric spear
 E - a +3 battleaxe
Missiles
 l - 22 poisoned darts (quivered)
Armour
 c - a +0 kite shield
 e - a +0 cloak (worn)
 t - the +5 robe of Kighinipso (worn) {-Tele Dex+6}
   (You found it on level 4 of the Dungeon)

   Dex:       It affects your dexterity (+6).
   -Tele:     It prevents most forms of teleportation.
Jewellery
 f - a ring of wizardry (left hand)
 h - an amulet of faith
 n - the amulet of the Cuttlefish (around neck) {Spirit Str+2 SInv}
   (You found it on level 3 of the Dungeon)

   [amulet of guardian spirit]

   It causes incoming damage to be divided between your reserves of health and
   magic.
   Str:       It affects your strength (+2).
   SInv:      It lets you see invisible.
 p - a +6 ring of strength (right hand)
 q - a ring of protection from cold
 G - a ring of ice
Wands
 B - a wand of flame (18)
 D - a wand of iceblast (19)
Scrolls
 b - a scroll of torment
 i - 2 scrolls of enchant armour {unknown}
 k - 6 scrolls of teleportation
 r - a scroll of blinking {unknown}
 u - a scroll of fear {unknown}
 v - a scroll of holy word {unknown}
 x - 2 scrolls of noise {unknown}
 y - a scroll of enchant weapon {unknown}
 A - a scroll of brand weapon {unknown}
 F - a scroll of identify
 H - a scroll of silence {unknown}
 I - a scroll of vulnerability {unknown}
Potions
 j - 3 potions of curing
 o - 5 potions of haste
 s - 2 potions of lignification
 w - a potion of mutation
 z - a potion of might
 C - 2 potions of brilliance {unknown}


   Skills:
 + Level 8.8 Fighting
 - Level 3.7 Long Blades
 * Level 10.4 Maces & Flails
 * Level 11.7 Armour
 + Level 5.2 Stealth
 - Level 5.5 Shields


You had 9 spell levels left.
You didn't know any spells.
Your spell library contained the following spells:

 Spells                   Type           Power      Damage    Failure   Level
 Corona                   Hex            0%         N/A       21%         1
 Magic Dart               Conj           0%         1d3       21%         1
 Sandblast                Erth           0%         2d4       21%         1
 Summon Small Mammal      Summ           0%         N/A       21%         1
 Call Imp                 Summ           0%         N/A       32%         2
 Ensorcelled Hibernation  Hex/Ice        0%         N/A       32%         2
 Passwall                 Tmut/Erth      0%         N/A       32%         2
 Call Canine Familiar     Summ           0%         N/A       52%         3
 Mephitic Cloud           Conj/Pois/Air  0%         N/A       52%         3
 Summon Guardian Golem    Hex/Summ       0%         N/A       52%         3
 Swiftness                Air            0%         N/A       52%         3
 Tukima's Dance           Hex            0%         N/A       52%         3
 Airstrike                Air            0%         N/A       88%         4
 Summon Lightning Spire   Summ/Air       0%         N/A       88%         4
 Lee's Rapid Deconstruct  Erth           0%         3d5*      99%         5
 Lightning Bolt           Conj/Air       0%         1d11      99%         5
 Invisibility             Hex            0%         N/A       100%        6


Dungeon Overview and Level Annotations

Branches:
Dungeon (8/15)             Temple (1/1) D:7           Sewer (visited)
   Lair: D:8-11

Altars:
Ashenzari
Cheibriados
Dithmenos
Elyvilon
Gozag
Hepliaklqana
Kikubaaqudgha
Makhleb
Nemelex Xobeh
Qazlal
Ru
Sif Muna
Uskayaw
Wu Jian
Xom
Zin
The Shining One

Shops:
D:3 *   D:5 =


Innate Abilities, Weirdness & Mutations

You have a pair of horns on your head.
You reflexively headbutt those who attack you in melee.


Message History

The kobold demonologist is heavily wounded.
The kobold demonologist begins to cast a cantrip, but forgets the words!
You puncture the kobold demonologist!
Your headbutt misses the kobold demonologist.
The kobold demonologist is almost dead.
The shadow imp hits you but does no damage.
The crimson imp shouts, "Slither hence, thou artless fly-bitten pimple!"
The crimson imp blinks!
The crimson imp is engulfed in freezing vapours.
The crimson imp blinks!
The kobold demonologist hits you but does no damage.
You puncture the kobold demonologist!
You kill the kobold demonologist!
Qazlal accepts your kill.
The shadow imp disappears in a puff of smoke!
The iron imp disappears in a puff of smoke!
The crimson imp disappears in a puff of smoke! x2
You completely miss the howler monkey. The howler monkey barely misses you.
You puncture the howler monkey! You headbutt the howler monkey.
You kill the howler monkey!
Qazlal accepts your kill.
Items here: ( )))))) [[ ††††.
You impale the two-headed ogre!!
Your headbutt misses the two-headed ogre.
The two-headed ogre is heavily wounded.
The two-headed ogre hits you with a +0 giant club!
The two-headed ogre barely misses you.
You hit the two-headed ogre.
The two-headed ogre is heavily wounded.
You hit the two-headed ogre. You headbutt the two-headed ogre!
The two-headed ogre is severely wounded.
The two-headed ogre hits you with a +0 giant club! x2
* * * LOW HITPOINT WARNING * * *
You barely miss the two-headed ogre.
You headbutt the two-headed ogre, but do no damage.
The two-headed ogre is severely wounded.
The two-headed ogre hits you with a +0 giant club!!
* * * LOW HITPOINT WARNING * * *
The two-headed ogre hits you with a +0 giant club!
You die...

#.........# ##..#..#
#..#.
#.........####...#..#
#.(#. .........#..#
#..#. #####...##..
#### ##...
#...#..#..... #...
#.†.#)....... #...
#.)##)..##### ##..
#.)#O####...#### #..
#..@##.........###[.
##.......##.........
##########.........
##########


You could see a two-headed ogre.

Vanquished Creatures
  A two-headed ogre (D:8)
  A cyclops (D:8)
  A kobold demonologist (D:8)
  5 yaks (D:8)
  A vampire mosquito (D:8)
  Edmund (D:4)
  3 water moccasins
  3 black bears
  4 ice beasts
  4 ogres
  2 sky beasts (D:8)
  A necrophage (D:6)
  3 centaurs
  A phantom (D:5)
  4 bullfrogs (D:8)
  A scorpion (D:7)
  2 gnoll sergeants (D:8)
  9 wights
  2 howler monkeys (D:8)
  A bullfrog zombie (D:5)
  A centaur zombie (D:6)
  2 orc priests (D:8)
  3 bullfrog skeletons
  A centaur skeleton (D:7)
  2 hounds
  A jelly (D:4)
  2 iguanas
  An orc wizard (D:8)
  8 adders
  5 gnolls (D:8)
  2 shadow imps
  3 white imps
  An ufetubus (D:6)
  2 adder skeletons (D:4)
  5 worms
  8 orcs
  6 endoplasms
  2 giant cockroaches
  6 goblins
  10 hobgoblins
  9 jackals
  6 kobolds
  5 quokkas
  8 ball pythons
  11 bats
  2 frilled lizards
  6 rats
168 creatures vanquished.

Vanquished Creatures (collateral kills)
  A wyvern (D:8)
  An orc wizard (D:8)
2 creatures vanquished.

Vanquished Creatures (others)
  6 plants (D:2)
6 creatures vanquished.

Grand Total: 176 creatures vanquished

Notes
Turn   | Place    | Note
-------+----------+-------------------------------------------
     0 | D:1      | Harkinian2 the Minotaur Fighter began the quest for the
                  | Orb.
     0 | D:1      | Reached XP level 1. HP: 19/19 MP: 0/0
   217 | D:1      | Reached XP level 2. HP: 27/27 MP: 1/1
   353 | D:1      | Reached skill level 4 in Armour
   799 | D:2      | Reached XP level 3. HP: 32/33 MP: 2/2
  1374 | D:2      | Reached XP level 4. HP: 40/40 MP: 3/3
  1770 | D:3      | Identified the amulet of the Cuttlefish {Spirit Str+2 SInv}
  1794 | D:3      | Found Ceicsemu's General Store.
  1889 | D:3      | Found a faded altar of an unknown god.
  2735 | D:4      | Noticed Edmund
  2750 | D:4      | Reached XP level 5. HP: 16/47 MP: 1/4
  2750 | D:4      | Killed Edmund
  2751 | D:4      | Reached skill level 5 in Armour
  2751 | D:4      | Reached skill level 5 in Shields
  2965 | D:4      | Reached XP level 6. HP: 53/53 MP: 5/5
  3014 | D:4      | Identified the +5 robe of Kighinipso {-Tele Dex+6}
  3072 | D:4      | Reached skill level 1 in Maces & Flails
  3078 | D:4      | Found a glowing drain.
  3093 | Sewer    | Entered a sewer
  3115 | Sewer    | Noticed a water moccasin
  3123 | Sewer    | Killed a water moccasin
  3124 | Sewer    | Reached skill level 5 in Fighting
  3124 | Sewer    | Reached skill level 6 in Armour
  3844 | D:5      | Entered Level 5 of the Dungeon
  3884 | D:5      | Found Riurushriz's Jewellery Boutique.
  4081 | D:5      | Reached XP level 7. HP: 56/61 MP: 6/6
  4485 | D:5      | Reached skill level 7 in Armour
  4667 | D:5      | Found a white marble altar of Elyvilon.
  4835 | D:6      | Reached skill level 5 in Maces & Flails
  4835 | D:6      | Reached XP level 8. HP: 54/70 MP: 5/7
  4921 | D:6      | Reached skill level 8 in Armour
  5178 | D:6      | Reached skill level 9 in Armour
  5619 | D:7      | Reached XP level 9. HP: 76/79 MP: 6/8
  5808 | D:7      | Found a staircase to the Ecumenical Temple.
  5960 | Temple   | Entered the Ecumenical Temple
  6103 | Temple   | Became a worshipper of Qazlal Stormbringer
  6490 | D:8      | Reached skill level 1 in Stealth
  6552 | D:8      | Reached skill level 10 in Armour
  6568 | D:8      | Noticed a two-headed ogre
  6575 | D:8      | Killed a two-headed ogre
  6723 | D:8      | Reached XP level 10. HP: 76/88 MP: 7/9
  6726 | D:8      | Reached skill level 11 in Armour
  7265 | D:8      | Reached * piety under Qazlal
  7285 | D:8      | Noticed a cyclops
  7289 | D:8      | Killed a cyclops
  7290 | D:8      | Reached skill level 10 in Maces & Flails
  7303 | D:8      | Reached skill level 5 in Stealth
  7312 | D:8      | Noticed a two-headed ogre
  7326 | D:8      | Mangled by a two-headed ogre

Illustrated notes

Levels and vault maps discovered:
D:1:      giann_horns, layout_loops_cross, minmay_stone_trees_small,
          chequers_serial_rivers_micro_c, minmay_pentomino_o2
D:2:      layout_rooms, serial_bayou, serial_bayou_pond_a, serial_bayou_shore_a,
          serial_bayou_shore_b, serial_bayou_ford_a
D:3:      layout_basic, serial_shops, nicolae_shop_crystal,
          hellmonk_ecumenical_altar_zigzags, minmay_misc_feat_four_crosses,
          minmay_checkerbox
D:4:      layout_basic, cheibrodos_sewer_entry_sluice, uniq_edmund
D:5:      layout_loops_ring, nicolae_elyvilon_temple_path,
          nicolae_inconvenience_store
D:6:      layout_cave_pools
D:7:      layout_basic, minmay_temple_entry_nine_rooms, minmay_manual_mares
D:8:      layout_rooms, st_stairs_12, minmay_pinched_square
Temple:   regret_index_temple_sphere_string

Skill      XL: |  1  2  3  4  5  6  7  8  9 10 |
---------------+-------------------------------+-----
Shields        | 4 5 |  5.5
Armour         | 4 5 6 7 9 10 11 | 11.7
Fighting       | 4 5 6 7 8 |  8.8
Long Blades    | 3 |  3.7
Maces & Flails | 3 5 7 9 10 | 10.4
Stealth        | 3 5 |  5.2

Action                   |  1- 3 |  4- 6 |  7- 9 | 10-12 || total
-------------------------+-------+-------+-------+-------++-------
Melee: Long sword        |    73 |    84 |       |       ||   157
       Headbutt          |     8 |    29 |    27 |    21 ||    85
       Dire flail        |       |    50 |   107 |    67 ||   224
Throw: Dart              |       |       |    15 |       ||    15
  Use: Potion            |       |     1 |       |       ||     1
       Scroll            |       |     4 |     2 |     1 ||     7
 Stab: Sleeping          |       |       |     2 |     2 ||     4
Armor: Scale mail        |    46 |    42 |       |       ||    88
       Robe              |       |    20 |    49 |    24 ||    93
Dodge: Dodged            |    24 |    81 |    65 |    24 ||   194
Block: Kite shield       |    44 |    57 |       |       ||   101
       Other             |       |       |       |     1 ||     1
       Rpst.: Long sword |     6 |     9 |       |       ||    15
